 Dungeon Crawl Stone Soup version 0.17-a0-1591-g7a45446 (console) character file.

293 utis the Conjurer (level 6, 0/36 HPs)
             Began as a Tengu Air Elementalist on July 29, 2015.
             Slain by Grinder (6 damage)
             ... while paralysed by Grinder
             ... on level 4 of the Dungeon.
             The game lasted 00:15:03 (4945 turns).

utis the Conjurer (Tengu Air Elementalist)          Turns: 4945, Time: 00:15:04

Health: 0/36       AC:  4    Str:  8    XL:     6   Next: 33%
Magic:  1/10       EV:  2    Int: 18    God:
Gold:   285        SH:  0    Dex: 14    Spells: 4 memorised, 1 level left

rFire  . . .     SeeInvis .     a - +1 morningstar
rCold  + . .     Clarity  .     n - +1 leather armour {rC+}
rNeg   . . .     SustAt   .     (no shield)
rPois  .         Gourm    .     (helmet restricted)
rElec  .         Spirit   .     (no cloak)
rCorr  .         Warding  .     (no gloves)
rMut   .         Stasis   .     (boots unavailable)
MR     .....                    o - amulet of regeneration
Stlth  ++........               (no ring)
                                (no ring)

@: paralysed, very slightly contaminated, repel missiles, drained, not resistant
to hostile enchantments, unstealthy
A: beak, talons 3, able to fly 1
a: Fly


You were on level 4 of the Dungeon.
You were hungry.

You visited 1 branch of the dungeon, and saw 4 of its levels.

You collected 285 gold pieces.

Inventory:

Hand weapons
 a - a +1 morningstar (weapon)
 c - a +0 blowgun
 e - a +0 whip
 g - a +0 short sword
 y - a +1 flail of draining
Missiles
 i - 212 stones (quivered)
 p - 2 javelins
 w - 30 poisoned needles
Armour
 k - a +0 robe
 m - a +0 ring mail
 n - a +1 leather armour of cold resistance (worn)
Jewellery
 j - an uncursed ring of fire
 o - an amulet of regeneration (around neck)
 F - an uncursed ring of ice
Magical devices
 x - a wand of draining (9)
Scrolls
 f - 2 scrolls of remove curse
 l - a scroll of magic mapping {unknown}
 v - a scroll of enchant weapon
 A - a scroll of fog {unknown}
 E - a scroll of amnesia {unknown}
Potions
 r - 2 potions of magic
 s - a potion of cure mutation {unknown}
 u - a potion of resistance {unknown}
 z - a potion of berserk rage {unknown}
 B - 3 potions of curing {unknown}
 C - a potion of degeneration {unknown}
 D - 2 potions of heal wounds {unknown}
Books
 b - a book of Air

   Spells                             Type                      Level
   a - Shock                          Conjuration/Air              1
   b - Swiftness                      Charms/Air                   2
   c - Repel Missiles                 Charms/Air                   2
   d - Static Discharge               Conjuration/Air              3
   e - Lightning Bolt                 Conjuration/Air              5
Comestibles
 d - 2 beef jerkies
 h - 6 meat rations
 q - 2 fruits
 t - 6 bread rations


   Skills:
 + Level 2.6(2.4) Fighting
 + Level 3.8(3.7) Dodging
 - Level 2.0(1.9) Stealth
 - Level 2.0(1.8) Spellcasting
 - Level 5.2(5.0) Conjurations
 - Level 5.1(5.0) Air Magic


You had one spell level left.
You knew the following spells:

 Your Spells              Type           Power        Failure   Level  Hunger
a - Shock                 Conj/Air       ###.         3%          1    #......
b - Static Discharge      Conj/Air       ###.....     12%         3    ###....
r - Repel Missiles        Chrm/Air       ##....       17%         2    ###....
s - Swiftness             Chrm/Air       ##......     17%         2    ###....


Dungeon Overview and Level Annotations

Branches:
Dungeon (4/15)
 Temple: D:4-7

Altars:
Ashenzari
Qazlal
Ru

Annotations:
D:4 Grinder, Natasha


Innate Abilities, Weirdness & Mutations

You have a beak for a mouth.
You have claws for feet.
You can fly.


Message History

Unknown command.
Casting: Static Discharge
Confirm with . or Enter, or press ? or * to list all spells.
You miscast Static Discharge.
Sparks of electricity dance between your hands.
* * * LOW MAGIC WARNING * * *
Grinder hits you but does no damage.
Unknown command.
Grinder gestures at you.
You suddenly lose the ability to move!
Grinder hits you!
* * * LOW HITPOINT WARNING * * *
You writhe in agony.
* * * LOW HITPOINT WARNING * * *
Grinder hits you.
* * * LOW HITPOINT WARNING * * *
You writhe in agony.
* * * LOW HITPOINT WARNING * * *
Grinder hits you.
You die...

▓...▓
......>................
▓▓...▓
▓....................>.
▓...▓▓
▓▓▓▓...................
▓...▓
▓▓▓▓................
...▓▓ ▓▓▓.[▓..........▓
...▓ ▓▓..▓▓▓▓▓▓▓...▓▓
.▓▓▓ ▓▓...▓ ▓▓..▓ ▓▓
▓▓▓▓....▓ ▓..▓ ▓
..▓▓▓▓..Q....▓ ▓..▓
.....➘.5....▓▓ ..▓
........▓▓▓▓▓ ▓▓
➘▓▓▓▓▓▓▓▓


You could see Grinder.

Vanquished Creatures
  2 orc wizards
  2 orc priests (D:3)
  An iguana (D:4)
  7 adders
  2 oozes (D:3)
  A worm (D:2)
  2 giant geckos
  8 orcs
  2 ball pythons
  6 bats
  3 giant cockroaches
  6 hobgoblins
  3 quokkas
  5 giant newts
  4 goblins
  10 jackals
  9 kobolds
  A quokka skeleton (D:4)
  3 rats
77 creatures vanquished.

Notes
Turn   | Place    | Note
--------------------------------------------------------------
     0 | D:1      | utis the Tengu Air Elementalist began the quest for the Orb.
     0 | D:1      | Reached XP level 1. HP: 10/10 MP: 4/4
   255 | D:1      | Found a shattered altar of Ashenzari.
   357 | D:1      | Reached XP level 2. HP: 15/15 MP: 4/6
   536 | D:1      | Learned a level 2 spell: Swiftness
  1044 | D:1      | Reached XP level 3. HP: 19/19 MP: 5/7
  1419 | D:1      | Reached skill level 5 in Conjurations
  1419 | D:1      | Reached XP level 4. HP: 8/24 MP: 2/8
  1808 | D:2      | Learned a level 3 spell: Static Discharge
  2689 | D:3      | Reached skill level 5 in Air Magic
  2689 | D:3      | Gained mutation: You can fly. [Tengu growth]
  2689 | D:3      | Reached XP level 5. HP: 28/28 MP: 6/9
  3197 | D:3      | Reached skill level 1 in Fighting
  3918 | D:3      | Reached XP level 6. HP: 17/35 MP: 6/10
  3958 | D:3      | Learned a level 2 spell: Repel Missiles
  4444 | D:4      | Noticed Natasha
  4713 | D:4      | Found a sacrificial altar of Ru.
  4803 | D:4      | Found a stormy altar of Qazlal.
  4933 | D:4      | Noticed Grinder
  4941 | D:4      | Paralysed by Grinder for 5 turns
  4945 | D:4      | Slain by Grinder

Vault maps used:
D:1:      lemuel_arrival_lava_pool, evilmike_ruin_ashenzari
D:2:      corexii_shack
D:4:      grunt_qazlal_sundering, nicolae_ru_the_path_less_chosen, hex_medium,
          uniq_grinder, uniq_natasha

Action                   |  1- 3 |  4- 6 || total
-------------------------+-------+-------++-------
Melee: Unarmed           |     6 |       ||     6
       Short sword       |     1 |       ||     1
       Morningstar       |     2 |    28 ||    30
 Fire: Blowgun           |       |     6 ||     6
Throw: Stone             |    31 |    62 ||    93
 Cast: Shock             |    34 |    59 ||    93
       Static Discharge  |       |     2 ||     2
       Repel Missiles    |       |     1 ||     1
 Abil: Fly               |       |     4 ||     4
  Use: Scroll            |     2 |     5 ||     7
 Stab: Sleeping          |       |     3 ||     3
  Eat: Chunk             |     2 |    12 ||    14
